 Dungeon Crawl Stone Soup version 0.31-a0-232-gb1c03b2570 (webtiles) character file.

Game seed: 5822767729582599688

112 qw the Shooter (level 4, -1/26 HPs)
             Began as a Gargoyle Hexslinger on July 7, 2023.
             Killed from afar by Ijyb (20 damage)
             ... with a bolt of acid
             ... on level 3 of the Dungeon.
             The game lasted 00:00:54 (1936 turns).

qw the Shooter (Gargoyle Hexslinger)                Turns: 1936, Time: 00:00:55

Health: -1/26      AC:  5    Str: 12    XL:     4   Next: 95%
Magic:  5/5        EV: 12    Int: 13    God:
Gold:   121        SH:  0    Dex: 14    Spells: 4/5 levels left

rFire   . . .        Y - +1 sling
rCold   . . .        (no shield)
rNeg    + . .        c - +0 robe
rPois   inf          (no helmet)
rElec   +            (no cloak)
rCorr   .            (no gloves)
SInv    .            (no boots)
Will    .....        d - amulet of the acrobat
Stlth   +            (no ring)
HPRegen 0.24/turn    (no ring)
MPRegen 0.09/turn

%: acrobat
@: no status effects
A: sickness immunity, AC +3, negative energy resistance 1, electricity
resistance, torment resistance 1, petrification resistance
a: no special abilities


You were on level 3 of the Dungeon.
You visited 1 branch of the dungeon, and saw 3 of its levels.

You collected 121 gold pieces.


Innate Abilities, Weirdness & Mutations

You are immune to sickness and miasma.
Your stone body is resilient. (AC +3)
You are immune to poison.
You resist negative energy. (rN+)
You are resistant to electric shocks. (rElec)
You are resistant to unholy torment.
You are immune to petrification.


   Skills:
 - Level 2.1 Fighting
 + Level 4.6 Ranged Weapons
 - Level 1.5 Dodging
 - Level 1.0 Spellcasting
 - Level 2.6 Hexes


You had 4 spell levels left.
You knew the following spells:

 Your Spells              Type           Power      Damage    Failure   Level
a - Slow                  Hex            28%        N/A       10%         1

Your spell library contained the following spells:

 Spells                   Type           Power      Damage    Failure   Level
 Inner Flame              Hex/Fire       4%         N/A       43%         3
 Portal Projectile        Hex/Tloc       8%         N/A       43%         3
 Cause Fear               Hex            3%         N/A       67%         4

Inventory:

Hand Weapons
 Y - a +1 sling (weapon)
Armour
 c - a +0 robe (worn)
 l - a +0 ring mail
Jewellery
 d - an amulet of the acrobat (around neck)
 i - a ring of fire
Scrolls
 g - a scroll of noise {unknown}
 j - a scroll of silence {unknown}
 m - 2 scrolls of identify
Potions
 b - a potion of brilliance {unknown}
 e - a potion of berserk rage {unknown}
 f - a potion of heal wounds {unknown}
 h - a potion of invisibility {unknown}
 k - a potion of mutation {unknown}

Dungeon Overview and Level Annotations

Branches:
Dungeon (3/15)

Altars:
Vehumet

Annotations:
D:3 Ijyb


Message History

Enter note:
Enter note:
Enter note:
Enter note: You see here 6 stones.
Ijyb shouts!
Enter note:
Enter note:
Enter note:
Enter note: You shoot a sling bullet.
The sling bullet closely misses Ijyb.
You see here a smoky purple potion.
Enter note:
Enter note:
Enter note:
Enter note: You shoot a sling bullet.
The sling bullet closely misses Ijyb.
You shoot a sling bullet. The sling bullet hits Ijyb.
Ijyb is lightly wounded.
You shoot a sling bullet.
The sling bullet hits Ijyb but does no damage.
Ijyb is lightly wounded.
Ijyb hits you with a +0 club.
You shoot a sling bullet.
The sling bullet hits Ijyb but does no damage.
Ijyb is lightly wounded.
Ijyb hits you with a +0 club.
You shoot a sling bullet. The sling bullet hits Ijyb.
Ijyb is moderately wounded.
Ijyb completely misses you.
You shoot a sling bullet.
The sling bullet hits Ijyb but does no damage.
Ijyb is moderately wounded.
Ijyb misses you.
You shoot a sling bullet.
The sling bullet hits Ijyb but does no damage.
Ijyb is moderately wounded.
Ijyb hits you with a +0 club.
Ijyb zaps a wand.
The bolt of acid hits you!!
Ouch! That really hurt!
You die...

#.......## #......... #
#####.........
##########..............
.......#...# .?.......
.##...#..#######........
.##..#.......##.........
....#.).........@.......
#..#.%.......%###g......
.##..##.................
.##..##..#.#####........
#..#.....#.# .......
....#....#.# .......
.##..#...#.# .......
.##...#..#.# .......
.......#.#.#


You could see Ijyb.

Vanquished Creatures
  4 adders
  A white imp (D:3)
  2 worms (D:2)
  3 dart slugs
  An orc (D:3)
  6 endoplasms
  A giant cockroach (D:2)
  2 goblins (D:2)
  5 hobgoblins
  6 jackals
  6 kobolds
  6 quokkas
  A ball python (D:3)
  3 bats
  3 frilled lizards
  4 rats
54 creatures vanquished.

Notes
Turn   | Place    | Note
-------+----------+-------------------------------------------
     0 | D:1      | qw the Gargoyle Hexslinger began the quest for the Orb.
     0 | D:1      | Reached XP level 1. HP: 12/12 MP: 2/2
     0 | D:1      | 0 ||| qw: Version: 0.3-a-46-gb1f654a
     0 | D:1      | 0 ||| qw: Game counter: 2328
     0 | D:1      | 0 ||| qw: Melee chars always use a shield: true
     0 | D:1      | 0 ||| qw: God list: Okawaru
     0 | D:1      | 0 ||| qw: Allow faded altars: false
     0 | D:1      | 0 ||| qw: Do Orc after clearing Dungeon:15 true
     0 | D:1      | 0 ||| qw: Do second Lair branch before Depths: true
     0 | D:1      | 0 ||| qw: Lair rune preference: random
     0 | D:1      | 0 ||| qw: Goals: Normal
     0 | D:1      | 0 ||| PLANNING D:1-11
    23 | D:1      | HP: 3/12 [kobold/+0 club (2)]
   109 | D:1      | Reached XP level 2. HP: 16/16 MP: 3/3
   231 | D:1      | Reached skill level 3 in Ranged Weapons
   256 | D:1      | 256 ||| FLEEEEING.
   431 | D:1      | 431 ||| UPGRADING to amulet of the acrobat.
   436 | D:1      | 436 ||| READING scroll labelled ACKAGO UGAGUOTT.
   437 | D:1      | 437 ||| READING scroll labelled CYGODO YRHOK.
   441 | D:1      | 441 ||| DROPPING scroll of poison.
   577 | D:2      | Reached XP level 3. HP: 18/21 MP: 4/4
  1053 | D:2      | Found a radiant altar of Vehumet.
  1137 | D:2      | Reached XP level 4. HP: 26/26 MP: 5/5
  1243 | D:2      | 1243 ||| DROPPING ring of flight.
  1244 | D:2      | 1244 ||| READING 2 scrolls labelled PACOUZAIME.
  1245 | D:2      | 1245 ||| READING scroll labelled ZIAQETTOTZ.
  1246 | D:2      | 1246 ||| READING scroll labelled NYUMPO GATEMU.
  1247 | D:2      | 1247 ||| DROPPING scroll of immolation.
  1411 | D:3      | Reached skill level 4 in Ranged Weapons
  1635 | D:3      | Noticed Ijyb
  1642 | D:3      | HP: 4/26 [Ijyb/+0 club (5)]
  1643 | D:3      | 1643 ||| READING 2 scrolls of teleportation.
  1768 | D:3      | HP: 6/26 [frozen (3)]
  1769 | D:3      | 1769 ||| READING scroll of teleportation.
  1936 | D:3      | Killed from afar by Ijyb

Levels and vault maps discovered:
D:1:      lightli_arrival_boilingwater, layout_rooms,
          nicolae_kite_square_tiling_tiny
D:2:      layout_loops_ring, basic_altar
D:3:      layout_rooms, minivault_26, uniq_ijyb

Skill      XL: |  1  2  3  4 |
---------------+-------------+-----
Ranged Weapons | 3 4 |  4.6
Fighting       | 2 |  2.1
Dodging        | |  1.5
Spellcasting   | |  1.0
Hexes          | |  2.6

Action                     |  1- 3 |  4- 6 || total
---------------------------+-------+-------++-------
   Fire: Sling             |   137 |   106 ||   243
    Use: Scroll            |     2 |     5 ||     7
 Armour: Robe              |    25 |    28 ||    53
  Dodge: Dodged            |    57 |    51 ||   108

Table legend:
 A = Non-vault XP
 B = Vault XP
 C = Vault XP percentage of total XP
 D = Non-vault monster count
 E = Vault monster count
 F = Vault count percentage of total count
                 A         B        C        D         E       F
            +---------+---------+-------+---------+---------+-------
      Total |     161 |       0 |   0.0 |      54 |       0 |   0.0
            +---------+---------+-------+---------+---------+-------
        D:1 |      27 |       0 |   0.0 |      14 |       0 |   0.0
        D:2 |      61 |       0 |   0.0 |      23 |       0 |   0.0
        D:3 |      73 |       0 |   0.0 |      17 |       0 |   0.0
            +---------+---------+-------+---------+---------+-------
